 Dungeon Crawl Stone Soup version 0.28-a0-793-g31680bbd8b (webtiles) character file.

Game seed: 6004365676097192084

55 Woods the Insei (level 3, -1/28 HPs)
             Began as a Gnoll Transmuter on Nov 5, 2021.
             Slain by Ijyb (7 damage)
             ... on level 4 of the Dungeon.
             The game lasted 00:01:58 (1722 turns).

Woods the Insei (Gnoll Transmuter)                  Turns: 1722, Time: 00:01:59

Health: -1/28      AC:  2    Str:  9    XL:     3   Next: 93%
Magic:  6/9        EV: 22    Int: 13    God:
Gold:   58         SH:  0    Dex: 17    Spells: 6/12 levels left

rFire   . . .      SeeInvis .     - Unarmed
rCold   . . .      Faith    .   (shield currently unavailable)
rNeg    . . .      Spirit   .   (armour currently unavailable)
rPois   x          Reflect  .   (helmet currently unavailable)
rElec   .          Harm     .   (cloak currently unavailable)
rCorr   .          Rampage  .   (gloves currently unavailable)
Will    .....                   (boots currently unavailable)
Stlth   ++........              (no amulet)
HPRegen 0.09/turn               (no ring)
MPRegen 0.11/turn               (no ring)

@: spider-form
A: venomous fangs, tiny, (fangs 1), strong nose, distributed training
a: End Transformation


You were on level 4 of the Dungeon.
You were a venomous arachnid creature.
You visited 1 branch of the dungeon, and saw 3 of its levels.

You collected 58 gold pieces.

Inventory:

Armour
 a - a +0 robe (melded)
Scrolls
 c - a scroll of noise {unknown}
 e - 2 scrolls of teleportation {unknown}
 f - 2 scrolls of identify {unknown}
Potions
 b - a potion of flight {unknown}
 d - a potion of attraction {unknown}


   Skills:
 + Level 2.6 Fighting
 + Level 1.0 Short Blades
 + Level 1.0 Long Blades
 + Level 1.0 Axes
 + Level 1.0 Maces & Flails
 + Level 1.0 Polearms
 + Level 1.0 Staves
 + Level 1.0 Slings
 + Level 1.0 Bows
 + Level 1.0 Crossbows
 + Level 1.0 Throwing
 + Level 1.0 Armour
 + Level 4.6 Dodging
 + Level 1.0 Stealth
 + Level 1.0 Shields
 + Level 6.5 Unarmed Combat
 + Level 5.0 Spellcasting
 + Level 0.7 Conjurations
 + Level 0.7 Hexes
 + Level 0.7 Summonings
 + Level 0.7 Necromancy
 + Level 0.7 Translocations
 + Level 3.8 Transmutations
 + Level 0.7 Fire Magic
 + Level 0.7 Ice Magic
 + Level 0.7 Air Magic
 + Level 0.7 Earth Magic
 + Level 0.7 Poison Magic
 + Level 1.0 Invocations
 + Level 1.0 Evocations


You had 6 spell levels left.
You knew the following spells:

 Your Spells              Type           Power      Damage    Failure   Level
a - Beastly Appendage     Tmut           26%        N/A       13%         1
b - Wereblood             Tmut           13%        N/A       17%         2
c - Spider Form           Tmut/Pois      9%         N/A       43%         3

Your spell library contained the following spells:

 Spells                   Type           Power      Damage    Failure   Level
 Ice Form                 Ice/Tmut       9%         N/A       78%         4


Dungeon Overview and Level Annotations

Branches:
Dungeon (2/15)

Altars:

Annotations:
D:4 Ijyb


Innate Abilities, Weirdness & Mutations

You are a venomous arachnid creature.
You have poisonous fangs.
You are tiny and dextrous.
Your spellcasting is less reliable in this form.
Your armour is entirely melded.
You are incapable of wielding weapons or throwing items.
((You have very sharp teeth.))
Your uncanny sense of smell can sniff out nearby items.
Your experience applies equally to all skills.


Message History

You start resting.
HP restored.
You see here a +0 buckler.
A goblin comes into view. It is wielding a +0 dagger.
Found a hunting sling.
The goblin shouts!
A goblin is nearby!
A goblin is nearby!
Casting: Beastly Appendage (safe; 4% risk of failure)
Confirm with . or Enter, or press ? or * to list all spells.
You grow a pair of large bovine horns.
Your feet morph into talons.
Ijyb the Twisted Goblin comes into view.
She is wielding a +0 club and carrying a wand of iceblast (7).
Ijyb shouts!
The goblin closely misses you.
Casting: Beastly Appendage (safe; 4% risk of failure)
Confirm with . or Enter, or press ? or * to list all spells.
You don't know that spell.
You see here a +0 buckler.
Your transformation is almost over.
Ijyb zaps a wand.
The mass of ice explodes!
The iceblast engulfs you!
Unknown command.
Your horns disappear.
Your talons disappear.
Ijyb screams, "I no like you!"
Found a dagger.
Ijyb zaps a wand.
The mass of ice explodes!
The iceblast engulfs you!
* * * LOW HITPOINT WARNING * * *
The iceblast engulfs the goblin!
The goblin dies!
Unknown command.
This spell is quite dangerous to cast!
Memorise Spider Form, consuming 3 spell levels and leaving 6?
You start memorising the spell.
You continue memorising. x3
You finish memorising.
Spell assigned to 'c'.
Casting: Beastly Appendage (safe; 4% risk of failure)
Confirm with . or Enter, or press ? or * to list all spells.
The spell is quite dangerous to cast (22% risk of failure)!
Continue anyway?
You turn into a venomous arachnid creature.
Your +0 robe melds into your body.
You barely miss Ijyb. Ijyb hits you with a +0 club!
You die...

####.###### #.........#
#.#.#####.# .# #.######
########.# #......#
#........# #.####.#
#.#####g.#.#####.# #.#
..#####.#####s.#.......#
#.#
....).....)##..####.####
#.# #.#####....##..# #.#
#.# #####)...##.#####.#
#.# ...................#
#.# ########g.######..##
##.## #..# #..# #...#
###..######..# #.#.#
#.........#..# #...#


You could see Ijyb.

Vanquished Creatures
  2 adders (D:4)
  An ufetubus (D:4)
  A worm (D:2)
  An endoplasm (D:1)
  A giant cockroach (D:4)
  3 goblins (D:1)
  2 hobgoblins (D:1)
  5 kobolds (D:1)
  3 quokkas (D:1)
  2 ball pythons
  3 bats (D:1)
  2 frilled lizards (D:1)
  4 rats (D:1)
30 creatures vanquished.

Vanquished Creatures (others)
  A goblin (D:4)
1 creature vanquished.

Grand Total: 31 creatures vanquished

Notes
Turn   | Place    | Note
-------+----------+-------------------------------------------
     0 | D:1      | Woods the Gnoll Transmuter began the quest for the Orb.
     0 | D:1      | Reached XP level 1. HP: 17/17 MP: 6/6
   153 | D:1      | Reached XP level 2. HP: 23/23 MP: 5/7
   170 | D:1      | Learned a level 2 spell: Wereblood
   937 | D:1      | Reached XP level 3. HP: 18/28 MP: 7/9
  1298 | D:2      | Reached skill level 5 in Spellcasting
  1354 | D:2      | You fall into a shaft and drop 2 floors!
  1371 | D:4      | Reached skill level 1 in Invocations
  1442 | D:4      | Reached skill level 1 in Short Blades
  1442 | D:4      | Reached skill level 1 in Long Blades
  1442 | D:4      | Reached skill level 1 in Axes
  1442 | D:4      | Reached skill level 1 in Maces & Flails
  1442 | D:4      | Reached skill level 1 in Polearms
  1442 | D:4      | Reached skill level 1 in Staves
  1442 | D:4      | Reached skill level 1 in Slings
  1442 | D:4      | Reached skill level 1 in Bows
  1442 | D:4      | Reached skill level 1 in Crossbows
  1442 | D:4      | Reached skill level 1 in Throwing
  1442 | D:4      | Reached skill level 1 in Armour
  1442 | D:4      | Reached skill level 1 in Stealth
  1442 | D:4      | Reached skill level 1 in Shields
  1442 | D:4      | Reached skill level 1 in Evocations
  1673 | D:4      | Noticed Ijyb
  1721 | D:4      | Learned a level 3 spell: Spider Form
  1722 | D:4      | Slain by Ijyb

Illustrated notes

Levels and vault maps discovered:
D:1:      evilmike_arrival_crescent, layout_basic, solitary_fountain
D:2:      layout_basic, kennysheep_generic_room_8
D:4:      layout_loops_ring, minmay_manual_mandibuliform, uniq_robin, uniq_ijyb

Skill      XL: |  1  2  3 |
---------------+----------+-----
Spellcasting   | 5 |  5.0
Invocations    | 1 |  1.0
Short Blades   | 1 |  1.0
Long Blades    | 1 |  1.0
Axes           | 1 |  1.0
Maces & Flails | 1 |  1.0
Polearms       | 1 |  1.0
Staves         | 1 |  1.0
Slings         | 1 |  1.0
Bows           | 1 |  1.0
Crossbows      | 1 |  1.0
Throwing       | 1 |  1.0
Armour         | 1 |  1.0
Stealth        | 1 |  1.0
Shields        | 1 |  1.0
Evocations     | 1 |  1.0
Fighting       | |  2.6
Dodging        | |  4.6
Unarmed Combat | |  6.5
Conjurations   | |  0.7
Hexes          | |  0.7
Summonings     | |  0.7
Necromancy     | |  0.7
Translocations | |  0.7
Transmutations | |  3.8
Fire Magic     | |  0.7
Ice Magic      | |  0.7
Air Magic      | |  0.7
Earth Magic    | |  0.7
Poison Magic   | |  0.7

Action                   || total
-------------------------++-------
Melee: Unarmed           ||    84
       Kick              ||    11
       Headbutt          ||     5
       Bite              ||     4
 Cast: Beastly Appendage ||    21
       Spider Form       ||     1
 Stab: Sleeping          ||     1
Armor: Robe              ||    10
Dodge: Dodged            ||    53

Table legend: (Time is in decaauts)
 A = Elapsed time spent in this place.
 B = Non-inter-level travel time spent in this place.
 C = Inter-level travel time spent in this place.
 D = Time resting spent in this place.
 E = Time spent auto-exploring this place.
 F = Levels seen in this place.
 G = Mean time per level.
                   A        B        C        D        E       F      G
               +--------+--------+--------+--------+--------+-----+--------+
         Total |   1712 |   1667 |     45 |    196 |   1182 |   3 |  570.7 |
       Dungeon |   1712 |   1667 |     45 |    196 |   1182 |   3 |  570.7 |
               +--------+--------+--------+--------+--------+-----+--------+

Top non-repeatable levels by time:
     D:1: 1276 daAuts
     D:4: 365 daAuts
     D:2: 70 daAuts
